 Dungeon Crawl Stone Soup version 0.31-a0-188-g5e087ee2ca (webtiles) character file.

Game seed: 13323854298595525938

93 qw the Shooter (level 4, -3/25 HPs)
             Began as a Deep Elf Hunter on June 22, 2023.
             Slain by an orc
             ... wielding a +2 morningstar of holy wrath
              (10 damage)
             ... on level 4 of the Dungeon.
             The game lasted 00:00:33 (2102 turns).

qw the Shooter (Deep Elf Hunter)                    Turns: 2102, Time: 00:00:33

Health: -3/25      AC: 10    Str: 10    XL:     4   Next: 36%
Magic:  6/6        EV: 11    Int: 17    God:
Gold:   63         SH:  0    Dex: 18    Spells: 3/3 levels left

rFire   . . .        Y - +0 shortbow
rCold   . . .        (shield currently unavailable)
rNeg    . . .        d - +0 ring mail
rPois   +            c - +2 helmet {Int+3}
rElec   .            (no cloak)
rCorr   .            (no gloves)
SInv    .            (no boots)
Will    .....        g - amulet of faith
Stlth   +            e - ring of poison resistance
HPRegen 0.24/turn    f - +2 ring of protection
MPRegen 0.10/turn

%: faith
@: no status effects
A: no striking features
a: no special abilities


You were on level 4 of the Dungeon.
You visited 1 branch of the dungeon, and saw 4 of its levels.

You collected 203 gold pieces.
You spent 140 gold pieces at shops.


   Skills:
 - Level 1.5 Fighting
 + Level 7.8 Ranged Weapons
 - Level 2.4 Dodging
 - Level 1.2 Stealth


You had 3 spell levels left.
You didn't know any spells.
Your spell library was empty.

Inventory:

Hand Weapons
 Y - a +0 shortbow (weapon)
Armour
 c - a +2 helmet of intelligence (worn)
 d - a +0 ring mail (worn)
Jewellery
 e - a ring of poison resistance (left hand)
 f - a +2 ring of protection (right hand)
 g - an amulet of faith (around neck)
Scrolls
 a - a scroll of identify

Dungeon Overview and Level Annotations

Branches:
Dungeon (4/15)
 Temple: D:4-7

Altars:
Gozag

Shops:
D:3 =


Message History

There is a stone staircase leading up here.
Waypoint 3 assigned to D:4.
You feel your willpower return.
Found a stone staircase leading down.
You open the door.
An orc wizard, an orc priest and 2 orcs come into view.
An orc is wielding a +2 morningstar of holy wrath.
The orc priest shouts!
The orc shouts! x2; You hear a shout!
An orc comes into view. It is wielding a +0 club.
The orc wizard shouts!
You shoot an arrow. The arrow hits the orc wizard.
The orc wizard is moderately wounded.
You shoot an arrow.
The arrow hits the orc wizard but does no damage.
The orc wizard is moderately wounded.
You feel a little less clever now. The orc wizard casts a spell at you.
The magic dart hits you but does no damage.
You shoot an arrow.
The arrow closely misses the orc wizard.
The orc wizard hits you with a +0 dagger.
You shoot an arrow. The arrow hits the orc wizard.
The orc wizard is heavily wounded.
The orc completely misses you. The orc misses you.
The orc wizard points at you and mumbles some strange words.
The magic dart hits you!
The orc priest looks encouraged for a moment.
You shoot an arrow. The arrow barely misses the orc wizard.
The orc hits you with a +0 club. The orc hits you but does no damage.
The orc wizard hits you with a +0 dagger.
You shoot an arrow. The arrow hits the orc wizard.
The orc wizard is severely wounded.
The orc hits you with a +0 club. The orc misses you.
The orc wizard hits you but does no damage.
The orc closely misses you. x2
The orc wizard hits you with a +0 dagger.
You shoot an arrow. The arrow misses the orc wizard.
The orc hits you but does no damage.
The orc hits you with a +2 morningstar of holy wrath!
You die...

############### ####
#...<.........# .....
#............o#o.....
#............@oo.....
#............o#######
############..###....
#.........>
#..........
#..........
#..........
##...#####+ .####


You could see an orc priest, an orc wizard and 3 orcs.

Vanquished Creatures
  5 adders
  A dart slug (D:1)
  2 ball pythons
  4 endoplasms
  A giant cockroach (D:1)
  2 goblins
  9 hobgoblins
  4 jackals (D:1)
  5 kobolds
  A quokka (D:3)
  3 bats
  2 frilled lizards (D:1)
  2 rats (D:1)
41 creatures vanquished.

Notes
Turn   | Place    | Note
-------+----------+-------------------------------------------
     0 | D:1      | qw the Deep Elf Hunter began the quest for the Orb.
     0 | D:1      | Reached XP level 1. HP: 12/12 MP: 3/3
     0 | D:1      | 0 ||| qw: Version: 0.3-a-9-g12657ce
     0 | D:1      | 0 ||| qw: Game counter: 2757
     0 | D:1      | 0 ||| qw: Always use a shield: true
     0 | D:1      | 0 ||| qw: God list: Okawaru
     0 | D:1      | 0 ||| qw: Allow faded altars: false
     0 | D:1      | 0 ||| qw: Do Orc after D:15 true
     0 | D:1      | 0 ||| qw: Do second Lair branch before Depths: true
     0 | D:1      | 0 ||| qw: Lair rune preference: random
     0 | D:1      | 0 ||| qw: Plans: Normal
     0 | D:1      | 0 ||| PLANNING D:1-11
    47 | D:1      | Reached XP level 2. HP: 16/16 MP: 4/4
    51 | D:1      | Reached skill level 6 in Ranged Weapons
    51 | D:1      | 51 ||| FLEEEEING.
    54 | D:1      | 54 ||| FLEEEEING.
   467 | D:1      | Reached XP level 3. HP: 20/20 MP: 5/5
   612 | D:1      | 612 ||| UPGRADING to +0 ring mail.
   622 | D:1      | 622 ||| DROPPING +0 leather armour.
   623 | D:1      | 623 ||| UPGRADING to amulet of faith.
   628 | D:1      | 628 ||| READING 2 scrolls labelled RIXTI ETIN TIT.
   629 | D:1      | 629 ||| READING 3 scrolls labelled WOHOKHL ESTUP.
   630 | D:1      | 630 ||| READING scroll labelled VICKEE TETUN.
   631 | D:1      | 631 ||| DROPPING scroll of revelation.
   632 | D:1      | 632 ||| DROPPING scroll of butterflies.
   633 | D:1      | 633 ||| DROPPING 2 scrolls of noise.
   662 | D:2      | Found a faded altar of an unknown god.
   800 | D:2      | Reached skill level 7 in Ranged Weapons
  1059 | D:2      | Reached XP level 4. HP: 25/25 MP: 6/6
  1186 | D:2      | 1186 ||| UPGRADING to ring of poison resistance.
  1187 | D:2      | 1187 ||| READING scroll labelled AMUEFASIDI.
  1188 | D:2      | 1188 ||| READING scroll labelled NOJ TAZXUK.
  1306 | D:3      | Found an opulent altar of Gozag.
  1545 | D:3      | Found Adavor's One-of-a-Kind Rings.
  1550 | D:3      | 1550 ||| SHOPLISTING +10 ring of dexterity (1274 gold, have
                  | 141).
  1550 | D:3      | 1550 ||| BUYING +2 ring of protection (140 gold).
  1550 | D:3      | Bought a +2 ring of protection for 140 gold pieces
  1550 | D:3      | 1550 ||| SHOPLISTING +4 ring of dexterity (210 gold, have
                  | 1).
  1550 | D:3      | 1550 ||| SHOPLISTING +9 ring of evasion (1449 gold, have
                  | 1).
  1550 | D:3      | 1550 ||| SHOPLISTING ring "Biawies" {rPois rC+ rN+ SInv}
                  | (593 gold, have 1).
  1550 | D:3      | 1550 ||| SHOPLISTING ring "Otzagaarr" {rC- rN+ Str+4 Dex+2
                  | Slay+8} (2882 gold, have 1).
  2036 | D:3      | 2036 ||| UPGRADING to +2 helmet of intelligence.
  2041 | D:3      | 2041 ||| UPGRADING to +2 ring of protection.
  2042 | D:3      | 2042 ||| READING scroll labelled DICOZY GIEH.
  2043 | D:3      | 2043 ||| DRINKING 2 inky potions.
  2044 | D:3      | 2044 ||| DROPPING potion of brilliance.
  2101 | D:4      | HP: 6/25 [orc wizard/+0 dagger (3)]
  2102 | D:4      | Slain by an orc

Levels and vault maps discovered:
D:1:      roderic_chinese_lattice_arrival, layout_loops_ring
D:2:      layout_loops_ring, nicolae_ecumenical_pavilion
D:3:      layout_basic, lemuel_crystal_altar, nicolae_shop_unique_rings,
          kennysheep_generic_room_10
D:4:      layout_gridville, minmay_temple_entry_antechambers, uniq_robin

Skill      XL: |  1  2  3 |
---------------+----------+-----
Ranged Weapons | 6 7 |  7.8
Fighting       | |  1.5
Dodging        | |  2.4
Stealth        | |  1.2

Action                     |  1- 3 |  4- 6 || total
---------------------------+-------+-------++-------
   Fire: Shortbow          |    76 |    17 ||    93
    Use: Scroll            |     3 |     3 ||     6
         Potion            |       |     1 ||     1
 Armour: Leather armour    |     5 |       ||     5
         Ring mail         |     2 |     5 ||     7
  Dodge: Dodged            |    10 |     5 ||    15

Table legend:
 A = Non-vault XP
 B = Vault XP
 C = Vault XP percentage of total XP
 D = Non-vault monster count
 E = Vault monster count
 F = Vault count percentage of total count
                 A         B        C        D         E       F
            +---------+---------+-------+---------+---------+-------
      Total |     120 |      13 |   9.8 |      40 |       1 |   2.4
            +---------+---------+-------+---------+---------+-------
        D:1 |      44 |       0 |   0.0 |      24 |       0 |   0.0
        D:2 |      55 |       0 |   0.0 |      11 |       0 |   0.0
        D:3 |      21 |      13 |  38.2 |       5 |       1 |  16.7
            +---------+---------+-------+---------+---------+-------
